 Dungeon Crawl Stone Soup version 0.20.1-1-g8b1a95d (webtiles) character file.

910 vishdafish the Covered (level 8, -2/50 HPs)
             Began as a Gargoyle Fighter on July 7, 2017.
             Slain by Pikel
             ... wielding a +0 whip of electrocution
              (14 damage)
             ... on level 7 of the Dungeon.
             The game lasted 00:06:44 (4769 turns).

vishdafish the Covered (Gargoyle Fighter)           Turns: 4769, Time: 00:06:45

Health: -2/50      AC:  0    Str: 21    XL:     8   Next: 8%
Magic:  8/8        EV: 13    Int:  9    God:
Gold:   231        SH:  0    Dex: 10    Spells: 7/7 levels left

rFire    . . .     SeeInvis .   (weapon currently unavailable)
rCold    . . .     Gourm    .   (shield currently unavailable)
rNeg     + . .     Faith    .   (armour currently unavailable)
rPois    ∞         Spirit   .   (helmet currently unavailable)
rElec    .         Reflect  .   (cloak currently unavailable)
rCorr    .         Harm     .   (gloves currently unavailable)
MR       .....                  (boots currently unavailable)
Stlth    +.........             (no amulet)
Regen    0.2/turn               (ring currently unavailable)
MPRegen  0.2/turn               (ring currently unavailable)

@: pig-form, very quick
A: negative energy resistance 1, petrification resistance, rot immunity, AC +5
a: no special abilities


You were on level 7 of the Dungeon.
You were not hungry.
You were a filthy swine.
You visited 2 branches of the dungeon, and saw 9 of its levels.

You collected 231 gold pieces.

Inventory:

Hand Weapons
 a - a +0 war axe (melded)
Armour
 b - a +0 scale mail (melded)
 i - a +0 pair of gloves (melded)
 n - a +1 shield of fire resistance (melded)
Jewellery
 r - an uncursed ring of ice
 t - a ring of protection from cold (melded)
Wands
 m - a wand of enslavement (14/24)
 v - a wand of random effects (26/48)
 z - a wand of flame (32/48)
 B - a wand of disintegration (9/24)
 C - a wand of acid (10/15)
 D - a wand of confusion (32/48)
 G - a wand of disintegration (9/24)
Scrolls
 e - 4 scrolls of teleportation {unknown}
 h - 3 scrolls of recharging
 j - 3 scrolls of enchant armour {unknown}
 o - a scroll of noise {unknown}
 q - 3 scrolls of remove curse
 u - 2 scrolls of magic mapping {unknown}
 x - 2 scrolls of fog {unknown}
 E - a scroll of fear {unknown}
Potions
 d - 2 potions of might
 k - 4 potions of agility
 l - 3 potions of curing
 p - a potion of ambrosia
 s - a potion of lignification
 w - a potion of haste {unknown}
 A - a potion of mutation {unknown}
 F - a potion of resistance {unknown}
 I - a potion of heal wounds {unknown}
Books
 y - a book of Changes

   Spells                             Type                      Level
   a - Beastly Appendage              Transmutation                1
   b - Sticks to Snakes               Transmutation                2
   c - Spider Form                    Transmutation/Poison         3
   d - Ice Form                       Ice/Transmutation            4
   e - Blade Hands                    Transmutation                5
Comestibles
 c - 3 meat rations
 f - 5 bread rations
 g - 5 fruits


   Skills:
 + Level 5.4 Fighting
 * Level 5.3 Axes
 + Level 5.6 Armour
 + Level 5.4 Shields


You had 7 spell levels left.
You didn't know any spells.

Dungeon Overview and Level Annotations

Branches:
Dungeon (8/15)             Temple (1/1) D:6
   Lair: D:8-11

Altars:
Ashenzari
Cheibriados
Dithmenos
Elyvilon
Fedhas
Gozag
Hepliaklqana
Kikubaaqudgha
Makhleb
Nemelex Xobeh
Okawaru
Qazlal
Ru
Sif Muna
Trog
Uskayaw
Vehumet
Xom
Yredelemnul
Zin
The Shining One

Shops:
D:4 (   D:7 :

Annotations:
D:7 Pikel


Innate Abilities, Weirdness & Mutations

You are resistant to torment.
((Your stone body is resilient. (AC +5)))
You are immune to poison.
You resist negative energy. (rN+)
((You are resistant to electric shocks. (rElec)))
((You can survive without breathing.))
You are immune to petrification.
You are immune to rotting.


Message History

Pikel hits you but does no damage. You block the slave's attack.
The slave hits you.
You hit Pikel.
Pikel is heavily wounded.
You hit the slave. You barely miss the slave. You closely miss the slave. x2
The slave hits you but does no damage. The slave closely misses you.
Pikel zaps a wand.
You turn into a filthy swine.
Your +0 war axe melds into your body.
Your +0 pair of gloves melds into your body.
Your +1 shield of fire resistance melds into your body.
Your +0 scale mail melds into your body.
Your ring of protection from cold melds into your body.
You feel less resistant to fire. The slave hits you! The slave hits you.
The slave barely misses you. The slave hits you!
You closely miss Pikel.
Pikel is heavily wounded.
Pikel hits you with a whip of electrocution!
* * * LOW HITPOINT WARNING * * *
You are electrocuted!
You die...

##.. #.....K.
#...###...p. .#
.....#....# .#
.........# .##
........## ..####
.......K.## .....
..........# ##...#
..........## ##pp..#
...........####ph...#
............##.Kp...#
..######............#
.## ###..........# ..##
##..........# ...##
##.........# ....##
###...........#
.....####.............#
#'###.#.....#........>.#


You could see Pikel and 4 slaves.

Vanquished Creatures
  A phantom (D:4)
  A centaur (D:6)
  A bullfrog (D:6)
  3 scorpions
  A howler monkey (D:4)
  A crimson imp (D:5)
  2 hounds
  An orc priest (D:6)
  A centaur skeleton (D:5)
  2 orc wizards
  Jessica (D:3)
  A worker ant (D:5)
  Natasha (thrice) (D:2 D:4)
  2 adders
  2 shadow imps
  An ooze (D:3)
  An adder zombie (D:5)
  5 worms
  A dart slug (D:1)
  7 leopard geckos
  14 orcs
  4 bats
  3 giant cockroaches
  16 goblins
  8 hobgoblins
  6 jackals
  5 kobolds
  A quokka (D:4)
  3 ball pythons
  2 frilled lizards
  8 rats
  A plant (Temple)
109 creatures vanquished.

Notes
Turn   | Place    | Note
-------+----------+-------------------------------------------
     0 | D:1      | vishdafish the Gargoyle Fighter began the quest for the Orb.
     0 | D:1      | Reached XP level 1. HP: 14/14 MP: 1/1
   287 | D:1      | Reached XP level 2. HP: 19/19 MP: 2/2
   680 | D:2      | Reached XP level 3. HP: 23/23 MP: 3/3
   693 | D:2      | Noticed Natasha
   703 | D:2      | Killed Natasha
   703 | D:2      | Reached XP level 4. HP: 10/28 MP: 4/4
  1362 | D:3      | Reached XP level 5. HP: 27/33 MP: 5/5
  1652 | D:3      | Noticed Jessica
  1654 | D:3      | Killed Jessica
  2582 | D:4      | Reached XP level 6. HP: 32/38 MP: 6/6
  2642 | D:4      | Noticed Natasha
  2651 | D:4      | Killed Natasha
  2777 | D:4      | Noticed Natasha
  2782 | D:4      | Killed Natasha
  2783 | D:4      | Noticed a phantom
  2801 | D:4      | Killed a phantom
  2861 | D:4      | Found Roiwun's Antique Weapon Boutique.
  2946 | D:5      | Entered Level 5 of the Dungeon
  3012 | D:5      | Reached XP level 7. HP: 40/44 MP: 7/7
  3205 | D:5      | Reached skill level 5 in Armour
  3282 | D:5      | Reached skill level 5 in Shields
  3602 | D:5      | Reached skill level 5 in Fighting
  3781 | D:6      | Found a staircase to the Ecumenical Temple.
  3787 | Temple   | Entered the Ecumenical Temple
  4118 | D:6      | Reached skill level 5 in Axes
  4531 | D:6      | Reached XP level 8. HP: 46/49 MP: 8/8
  4708 | D:7      | Found Cepnoung's Book Boutique.
  4741 | D:7      | Noticed Pikel
  4756 | D:8      | Noticed a manticore
  4769 | D:7      | Slain by Pikel

Skill      XL: |  1  2  3  4  5  6  7 |
---------------+----------------------+-----
Axes           | 2 3 4 5 |  5.3
Shields        | 4 5 |  5.4
Armour         | 4 5 |  5.6
Fighting       | 4 5 |  5.4

Action                   |  1- 3 |  4- 6 |  7- 9 || total
-------------------------+-------+-------+-------++-------
Melee: War axe           |    82 |   211 |   170 ||   463
       Unarmed           |       |       |     1 ||     1
  Use: Scroll            |       |     8 |       ||     8
  Eat: Chunk             |       |     6 |     5 ||    11
       Royal jelly       |       |     1 |       ||     1
Armor: Scale mail        |    40 |    93 |    83 ||   216
Dodge: Dodged            |    25 |    51 |    44 ||   120
Block: Shield            |    52 |   136 |    96 ||   284
